 Dungeon Crawl Stone Soup version 0.22.0-38-g04b72b8 (webtiles) character file.

87 Gildeon the Ogre Mage (level 4, 0/39 HPs)
             Began as an Ogre Wizard on Aug 27, 2018.
             Slain by a jackal (2 damage)
             ... on level 2 of the Dungeon.
             The game lasted 00:07:01 (1813 turns).

Gildeon the Ogre Mage (Ogre Wizard)                 Turns: 1813, Time: 00:07:02

Health: 0/39       AC:  3    Str: 11    XL:     4   Next: 51%
Magic:  3/10       EV: 10    Int: 19    God:
Gold:   49         SH:  0    Dex:  8    Spells: 2/12 levels left

rFire    . . .     SeeInvis .   f - +2 dagger (pain)
rCold    . . .     Gourm    .   (no shield)
rNeg     . . .     Faith    .   a - +0 robe
rPois    .         Spirit   .   b - +0 hat
rElec    .         Reflect  .   (no cloak)
rCorr    .         Harm     .   (gloves unavailable)
MR       .....                  (boots unavailable)
Stlth    +.........             g - amulet of the acrobat
HPRegen  0.13/turn              (no ring)
MPRegen  0.12/turn              (no ring)

@: lethally poisoned (0 -> -2), very slightly contaminated
A: large, unfitting armour, tough skin 1
a: no special abilities


You were on level 2 of the Dungeon.
You were not hungry.

You visited 1 branch of the dungeon, and saw 2 of its levels.

You collected 49 gold pieces.

Inventory:

Hand Weapons
 f - a +2 dagger of pain (weapon)
Armour
 a - a +0 robe (worn)
 b - a +0 hat (worn)
Jewellery
 g - an amulet of the acrobat (around neck)
Wands
 d - a wand of random effects (21)
Scrolls
 c - a scroll of enchant armour {unknown}
 e - a scroll of remove curse
Potions
 h - a potion of brilliance {unknown}
 i - 3 potions of lignification {unknown}
 k - a potion of magic {unknown}
Comestibles
 j - 2 chunks of flesh
 l - a ration


   Skills:
 - Level 1.7 Dodging
 - Level 1.4 Stealth
 + Level 4.6 Spellcasting
 + Level 2.3 Conjurations
 + Level 1.5 Hexes
 - Level 0.8 Summonings
 - Level 0.8 Translocations


You had 2 spell levels left.
You knew the following spells:

 Your Spells              Type           Power        Failure   Level  Hunger
a - Magic Dart            Conj           ##..         4%          1    None
b - Blink                 Tloc           N/A          14%         2    #......
c - Call Imp              Summ           #.......     14%         2    #......
d - Slow                  Hex            ##......     11%         2    #......
e - Conjure Flame         Conj/Fire      #.......     24%         3    ###....

Your spell library contained the following spells:

 Spells                   Type           Power        Failure   Level  Hunger
 Mephitic Cloud           Conj/Pois/Air  #.......     28%         3    ###....


Dungeon Overview and Level Annotations

Branches:
Dungeon (2/15)

Altars:
Xom


Innate Abilities, Weirdness & Mutations

You are too large for most types of armour.
You have tough skin. (AC +1)


Message History

The worm bites you.
* * * LOW HITPOINT WARNING * * *
Things that are here:
a hobgoblin corpse; a goblin corpse You barely miss the worm.
The jackal barely misses you.
You barely miss the worm. The jackal completely misses you.
The worm barely misses you. The jackal bites you.
* * * LOW HITPOINT WARNING * * *
You barely miss the worm.
* * * LOW HITPOINT WARNING * * *
You feel sick. The jackal bites you.
* * * LOW HITPOINT WARNING * * *
The worm closely misses you.
You hit the worm.
The worm is moderately wounded.
The jackal bites you but does no damage. x2
You hit the worm but do no damage.
The worm is moderately wounded.
The jackal bites you.
You die...

......#.....................#
......+.........#.....#.###.#
......#........##.....#..##.#
......#..............)##.##.#
......#............(......#.#
.[....#...................#.#
...................#.#
..........h........#.#
...(....#@########.#
........#w....... ...
.......#........ ....
......#....s... .... #####
#........ #........ #.#######
#.#


You could see a worm, a jackal and a giant cockroach.

Vanquished Creatures
  3 adders (D:2)
  A worm (D:2)
  3 dart slugs
  A ball python (D:1)
  4 giant cockroaches
  7 goblins
  6 hobgoblins
  A jackal (D:2)
  9 kobolds
  6 bats (D:1)
  A frilled lizard (D:1)
  8 rats
50 creatures vanquished.

Notes
Turn   | Place    | Note
-------+----------+-------------------------------------------
     0 | D:1      | Gildeon the Ogre Wizard began the quest for the Orb.
     0 | D:1      | Reached XP level 1. HP: 16/16 MP: 5/5
    22 | D:1      | Reached skill level 1 in Conjurations
   257 | D:1      | Reached XP level 2. HP: 24/24 MP: 1/6
   337 | D:1      | Reached skill level 4 in Spellcasting
   410 | D:1      | Learned a level 2 spell: Blink
   413 | D:1      | Learned a level 2 spell: Call Imp
   416 | D:1      | Learned a level 2 spell: Slow
   720 | D:1      | Reached XP level 3. HP: 31/31 MP: 2/8
   812 | D:1      | Learned a level 3 spell: Conjure Flame
  1183 | D:2      | Found a shimmering altar of Xom.
  1188 | D:2      | Reached skill level 1 in Hexes
  1334 | D:2      | Reached XP level 4. HP: 31/39 MP: 0/10
  1347 | D:2      | HP: 1/39 [hobgoblin/club (1)]
  1368 | D:2      | HP: 1/39 [dart slug (2)]
  1813 | D:2      | Slain by a jackal

Skill      XL: |  1  2  3 |
---------------+----------+-----
Conjurations   | 1 2 |  2.3
Spellcasting   | 4 |  4.6
Hexes          | 1 |  1.5
Dodging        | |  1.7
Stealth        | |  1.4
Summonings     | |  0.8
Translocations | |  0.8

Action                   |  1- 3 |  4- 6 || total
-------------------------+-------+-------++-------
Melee: Spear             |     4 |       ||     4
       Dagger            |    10 |    38 ||    48
 Cast: Magic Dart        |    90 |    18 ||   108
  Use: Scroll            |     4 |       ||     4
  Eat: Ration            |     1 |       ||     1
Armor: Robe              |     8 |    19 ||    27
Dodge: Dodged            |    12 |    28 ||    40
